 Dungeon Crawl Stone Soup version 0.28-a0-1629-gf728b707aa (webtiles) character file.

Game seed: 4065192893361947306

960 avis the Ruffian (level 8, -8/66 HPs)
             Began as a Hill Orc Transmuter on Jan 25, 2022.
             Was a Follower of Beogh.
             Mangled by Duvessa (14 damage)
             ... on level 5 of the Dungeon.
             The game lasted 00:34:32 (6434 turns).

avis the Ruffian (Hill Orc Transmuter)              Turns: 6434, Time: 00:34:32

Health: -8/66      AC:  7    Str: 13    XL:     8   Next: 14%
Magic:  10/12      EV: 12    Int: 15    God:    Beogh [*.....]
Gold:   184        SH:  0    Dex: 17    Spells: 5/13 levels left

rFire   + . .      SeeInvis .     - Unarmed
rCold   . . .      Faith    .   (no shield)
rNeg    . . .      Spirit   .   v - +1 robe {rF+}
rPois   .          Reflect  .   y - +2 hat
rElec   .          Harm     .   (no cloak)
rCorr   .          Rampage  .   k - +1 pair of gloves
Will    .....                   (no boots)
Stlth   ++........              (no amulet)
HPRegen 0.21/turn               h - +6 ring of dexterity
MPRegen 0.13/turn               (no ring)

@: no status effects
A: no striking features
a: Renounce Religion


You were on level 5 of the Dungeon.
You worshipped Beogh.
Beogh was aware of your devotion.
You visited 2 branches of the dungeon, and saw 6 of its levels.

You collected 184 gold pieces.

Inventory:

Hand Weapons
 l - a +1 dagger of protection
 q - a +0 scythe
Missiles
 e - 88 stones
 i - 3 boomerangs (quivered)
 j - 16 arrows
 C - a throwing net
 F - 3 boomerangs of dispersal
Armour
 k - a +1 pair of gloves (worn)
 p - a +0 robe of willpower
 v - a +1 robe of fire resistance (worn)
 y - a +2 hat (worn)
Jewellery
 h - a +6 ring of dexterity (left hand)
 x - the ring of Fainaq Cilia {Dex+6 Slay+2}
   (You found it on level 3 of the Dungeon)

   [ring of dexterity]

   Dex:       It affects your dexterity (+6).
   Slay:      It affects your accuracy & damage with ranged weapons and melee
   (+2).
Wands
 s - a wand of iceblast (4)
Scrolls
 c - a scroll of identify
 d - a scroll of teleportation {unknown}
 n - 3 scrolls of amnesia {unknown}
 o - 4 scrolls of blinking {unknown}
 r - a scroll of fear {unknown}
Potions
 a - a potion of invisibility
 b - 2 potions of haste
 g - 2 potions of mutation {unknown}
 m - a potion of brilliance {unknown}
 z - 2 potions of might {unknown}
 B - a potion of ambrosia {unknown}
 G - a potion of attraction {unknown}
 J - a potion of lignification {unknown}


   Skills:
 - Level 4.0 Fighting
 - Level 2.0 Dodging
 - Level 1.0 Stealth
 - Level 7.0 Unarmed Combat
 - Level 3.0 Spellcasting
 - Level 3.0 Transmutations
 * Level 1.0 Ice Magic
 - Level 2.0 Poison Magic
 - Level 2.0 Invocations


You had 5 spell levels left.
You knew the following spells:

 Your Spells              Type           Power      Damage    Failure   Level
a - Beastly Appendage     Tmut           22%        N/A       6%          1
p - Spider Form           Tmut/Pois      9%         N/A       22%         3
q - Ice Form              Ice/Tmut       8%         N/A       65%         4

Your spell library contained the following spells:

 Spells                   Type           Power      Damage    Failure   Level
 Wereblood                Tmut           11%        N/A       9%          2
 Slow                     Hex            8%         N/A       21%         1
 Sublimation of Blood     Necr           2%         N/A       30%         2
 Mephitic Cloud           Conj/Pois/Air  4%         N/A       43%         3
 Confusing Touch          Hex            2%         N/A       52%         3
 Vampiric Draining        Necr           2%         2d6       52%         3
 Petrify                  Tmut/Erth      6%         N/A       71%         4
 Irradiate                Conj/Tmut      3%         3d14      96%         5
 Eringya's Noxious Bog    Tmut/Pois      4%         N/A       100%        6


Dungeon Overview and Level Annotations

Branches:
Dungeon (5/15)             Temple (1/1) D:4

Altars:
Vehumet
The Shining One

Annotations:
D:5 Duvessa


Message History

Duvessa completely misses you.
You hit Duvessa.
Duvessa looks as sick as possible!
Duvessa is lightly wounded.
Duvessa closely misses you.
You barely miss Duvessa.
Duvessa is moderately wounded.
Duvessa misses you. Duvessa hits you with a +0 rapier!
You hit Duvessa.
Duvessa looks as sick as possible!
Duvessa is moderately wounded.
Duvessa hits you with a +0 rapier! Duvessa closely misses you.
Your magical contamination has completely faded away.
Duvessa hits you with a +0 rapier.
Duvessa rages.
Duvessa closely misses you.
You hit Duvessa but do no damage.
Duvessa looks as sick as possible!
Duvessa is heavily wounded.
Duvessa barely misses you.
Your transformation is almost over.
Duvessa hits you with a +0 rapier! Duvessa misses you.
Duvessa hits you with a +0 rapier!
* * * LOW HITPOINT WARNING * * *
You feel much better. Duvessa closely misses you. Duvessa misses you.
Duvessa rages.
Duvessa completely misses you.
Your transformation has ended.
Your +2 hat unmelds from your body.
Your +1 pair of gloves unmelds from your body.
Your +1 robe of fire resistance unmelds from your body.
You feel resistant to fire. Duvessa hits you with a +0 rapier!
Duvessa hits you with a +0 rapier!
* * * LOW HITPOINT WARNING * * *
Duvessa misses you. Duvessa hits you with a +0 rapier!
* * * LOW HITPOINT WARNING * * *
You feel better. Duvessa closely misses you. Duvessa hits you with a +0 rapier!
You die...

#.# #...###.########>...........
#.# #.#...#.##.................#
#.# #.###......#####...........#
#.####.####..########............
#.##...#.........................
#.##.............#####...........
#.##.....................####..#.
#.##.............#####..####..##.
#.##............@e...............
#.####.<[........####..###.####..
#.####...........................
..#..............####...#######..
.####.#########..# #...## ##.. .#
#.# ##.###.#.# #..# .# #.#
#.....#.# #.## .####.# ####....#
#.# ...#..# ##..#..#### #.#


You could see Duvessa (berserk, very poisoned).

Vanquished Creatures
  Sigmund (D:5)
  An ice beast (D:5)
  A sky beast (D:5)
  Blork the orc (D:5)
  2 scorpions
  Dowan (D:5)
  An orc priest (D:4)
  A hound (D:4)
  Jessica (D:3)
  2 iguanas (D:5)
  3 orc wizards
  A hound zombie (D:5)
  A howler monkey zombie (D:5)
  3 gnolls
  3 adders
  A white imp (D:4)
  2 adder skeletons (D:4)
  A worm (D:2)
  12 orcs
  10 endoplasms
  4 giant cockroaches
  7 goblins
  6 hobgoblins
  2 jackals (D:2)
  5 kobolds
  A quokka (D:1)
  9 ball pythons
  3 bats
  4 frilled lizards (D:2)
  5 rats
95 creatures vanquished.

Vanquished Creatures (others)
  13 plants (D:2)
13 creatures vanquished.

Grand Total: 108 creatures vanquished

Notes
Turn   | Place    | Note
-------+----------+-------------------------------------------
     0 | D:1      | avis the Hill Orc Transmuter began the quest for the Orb.
     0 | D:1      | Reached XP level 1. HP: 16/16 MP: 3/3
   295 | D:1      | Reached XP level 2. HP: 25/25 MP: 2/4
  1339 | D:2      | Reached XP level 3. HP: 31/31 MP: 5/5
  1375 | D:2      | Learned a level 3 spell: Spider Form
  1388 | D:2      | Noticed a floating eye
  1391 | D:2      | Found a faded altar of an unknown god.
  1393 | D:2      | Noticed a great orb of eyes
  1393 | D:2      | Noticed a floating eye
  1393 | D:2      | Noticed a shining eye
  1749 | D:2      | Found a radiant altar of Vehumet.
  1754 | D:2      | Got the Papyrus of Envenoming
  2231 | D:2      | Reached skill level 1 in Poison Magic
  2231 | D:2      | Reached XP level 4. HP: 33/38 MP: 7/7
  2816 | D:2      | Became a worshipper of Beogh the Brigand
  3012 | D:3      | Reached skill level 1 in Stealth
  3084 | D:3      | Reached XP level 5. HP: 45/45 MP: 4/8
  3435 | D:3      | Noticed Jessica
  3451 | D:3      | Killed Jessica
  3452 | D:3      | Reached skill level 4 in Unarmed Combat
  3572 | D:3      | Identified the ring of Fainaq Cilia {Dex+6 Slay+2}
  3686 | D:3      | Identified the +2 spear "Nahiti" {vorpal, +Blink rElec
                  | Int+3 Dex+8}
  4168 | D:3      | Reached skill level 1 in Invocations
  4415 | D:4      | Found a radiant altar of Vehumet.
  4477 | D:4      | Reached skill level 5 in Unarmed Combat
  4477 | D:4      | Reached XP level 6. HP: 44/51 MP: 5/9
  4535 | D:4      | Identified the +2 helmet "Homellau" {Will+ Str-3 Dex+4}
  4566 | D:4      | Found a staircase to the Ecumenical Temple.
  4581 | Temple   | Entered the Ecumenical Temple
  4843 | D:4      | Learned a level 4 spell: Ice Form
  5095 | D:5      | Entered Level 5 of the Dungeon
  5166 | D:4      | Reached * piety under Beogh
  5579 | D:5      | Noticed Blork the orc
  5589 | D:5      | Killed Blork the orc
  5590 | D:5      | Reached XP level 7. HP: 48/57 MP: 7/10
  5657 | D:5      | Noticed Dowan
  5881 | D:5      | Noticed Sigmund
  5905 | D:5      | Killed Sigmund
  6087 | D:5      | Killed Dowan
  6088 | D:5      | Reached skill level 6 in Unarmed Combat
  6192 | D:5      | Reached XP level 8. HP: 37/66 MP: 6/12
  6353 | D:5      | Noticed Duvessa
  6368 | D:5      | Found a glowing golden altar of the Shining One.
  6379 | D:5      | Reached skill level 7 in Unarmed Combat
  6379 | D:5      | Reached skill level 1 in Ice Magic
  6432 | D:5      | HP: 1/66 [Duvessa (11)]
  6434 | D:5      | Mangled by Duvessa

Illustrated notes

Levels and vault maps discovered:
D:1:      mainiacjoe_arrival_reflecting_pool, layout_basic
D:2:      layout_basic, hellmonk_ecumenical_altar_watching_god, basic_altar,
          serial_bayou, serial_bayou_lagoon_b, serial_bayou_crossing,
          serial_bayou_shore_a, serial_bayou_pond_b
D:3:      layout_loops_ring, minmay_bisected, uniq_jessica
D:4:      minmay_inner_zag, layout_cave_pools, vehumet_crystals,
          minmay_temple_entry_proselytizer
D:5:      layout_rooms, mainiacjoe_overflow_catwalk_spiral, uniq_blork_the_orc,
          uniq_duvessa, uniq_sigmund
Temple:   dpeg_five_rooms_temple

Skill      XL: |  1  2  3  4  5  6  7  8 |
---------------+-------------------------+-----
Fighting       | 2 3 4 |  4.0
Transmutations | 2 3 |  3.0
Spellcasting   | 2 3 |  3.0
Poison Magic   | 1 2 |  2.0
Stealth        | 1 |  1.0
Unarmed Combat | 5 6 7 |  7.0
Dodging        | 2 |  2.0
Invocations    | 1 2 |  2.0
Ice Magic      | 1 |  1.0

Action                   |  1- 3 |  4- 6 |  7- 9 || total
-------------------------+-------+-------+-------++-------
Melee: Unarmed           |   105 |   128 |    52 ||   285
       Kick              |    22 |    14 |       ||    36
       Headbutt          |    11 |     4 |       ||    15
       Punch             |     1 |       |       ||     1
Throw: Boomerang         |    11 |       |       ||    11
 Cast: Beastly Appendage |    36 |    17 |       ||    53
       Spider Form       |       |    30 |     9 ||    39
Invok: Convert to Beogh  |       |     1 |       ||     1
 Abil: End Transformatio |       |     1 |       ||     1
  Use: Scroll            |       |     4 |       ||     4
       Potion            |       |       |     2 ||     2
 Stab: Sleeping          |       |     2 |       ||     2
Armor: Robe              |    15 |     6 |       ||    21
       Skin              |       |     1 |     2 ||     3
Dodge: Dodged            |    42 |   128 |    47 ||   217

Table legend: (Time is in decaauts)
 A = Elapsed time spent in this place.
 B = Non-inter-level travel time spent in this place.
 C = Inter-level travel time spent in this place.
 D = Time resting spent in this place.
 E = Time spent auto-exploring this place.
 F = Levels seen in this place.
 G = Mean time per level.
                   A        B        C        D        E       F      G
               +--------+--------+--------+--------+--------+-----+--------+
         Total |   6490 |   6074 |    416 |   2304 |   2178 |   6 | 1081.7 |
       Dungeon |   6462 |   6046 |    416 |   2304 |   2178 |   5 | 1292.4 |
        Temple |     27 |     27 |      0 |      0 |      0 |   1 |   27.0 |
               +--------+--------+--------+--------+--------+-----+--------+

Top non-repeatable levels by time:
     D:2: 1672 daAuts
     D:3: 1417 daAuts
     D:1: 1292 daAuts
     D:4: 1040 daAuts
     D:5: 1039 daAuts
  Temple: 27 daAuts
